Map: Pillars of Gold LE

Players

ByuN - Winner!

  • Race: Terran Terran
  • Spawn Location: 1:00

sOs

  • Race: Protoss Protoss
  • Spawn Location: 7:00

Event: IEM Katowice 2021

VOD

Have the link to the VOD?

Description

Time

  • Played on: Feb. 21, 2021, 11:23 a.m.
  • Length: 23:54

All games in this series

Show
View Real Time Build Order
Export as new Build Order

ByuN Terran - Winner!

Build Orders:  

Get SALT Encoding   

  12  0:00  SCV  
  13  0:12  SCV  
  14  0:17  Supply Depot  
  14  0:24  SCV  
  15  0:39  SCV  
  15  0:41  Barracks  
  16  0:45  Refinery  
  16  0:51  SCV  
  17  1:03  SCV  
  18  1:15  SCV  
  19  1:27  Orbital Command  
  19  1:28  Marine  
  20  1:46  Command Center  
  20  1:59  Factory  
  20  2:00  SCV  
  21  2:04  Barracks Reactor  
  21  2:09  Refinery  
  21  2:12  SCV  
  22  2:20  Supply Depot  
  22  2:24  SCV  
  23  2:42  Marine x2  
  23  2:43  Hellion  
  28  2:44  Starport  
  28  2:46  SCV  
  29  2:58  SCV  
  29  2:59  Orbital Command  
  29  3:02  Marine  
  29  3:03  Marine  
  31  3:08  Widow Mine  
  31  3:12  SCV  
  34  3:19  Orbital Command  
  34  3:21  Medivac  
  34  3:23  Marine x2  
  34  3:24  SCV  
  39  3:32  Supply Depot, Factory Tech Lab  
  39  3:36  SCV  
  39  3:40  Marine  
  39  3:41  Marine  
  42  3:46  SCV  
  42  3:48  SCV  
  44  3:57  Raven, Factory Tech Lab  
  44  3:58  SCV  
  44  4:00  SCV  
  44  4:01  Marine, Supply Depot  
  44  4:02  Marine  
  50  4:11  SCV, Barracks  
  50  4:12  SCV  
  52  4:22  Siege Tank  
  52  4:23  SCV  
  56  4:25  Supply Depot  
  56  4:27  Marine x2  
  58  4:35  SCV x2  
  58  4:36  Engineering Bay  
  58  4:42  Supply Depot  
  56  4:47  SCV x2  
  56  4:48  Marine x2  
  57  4:59  SCV x2  
  57  5:02  Supply Depot  
  57  5:06  Marine  
  59  5:10  Marine  
  59  5:11  SCV x2  
  59  5:13  Siege Tank  
  64  5:17  Supply Depot  
  64  5:21  Stimpack  
  64  5:23  SCV x2  
  66  5:28  Starport Reactor  
  66  5:29  Marine x2  
  66  5:30  Refinery  
  66  5:33  Marine  
  69  5:36  SCV x2  
  69  5:37  Terran Infantry Weapons Level 1  
  69  5:41  Missile Turret  
  71  5:49  Marine x2  
  73  5:51  Marine, Siege Tank  
  73  5:55  SCV x2  
  79  6:04  Barracks  
  79  6:08  SCV x2, Supply Depot  
  81  6:12  Supply Depot  
  81  6:18  Medivac x2  
  85  6:19  Marine  
  86  6:29  Marine  
  86  6:30  SCV x2  
  86  6:31  Supply Depot  
  86  6:32  Missile Turret  
  90  6:34  Factory Reactor  
  90  6:38  Marine  
  90  6:39  Marine  
  91  6:48  Marauder  
  93  6:56  Marine x2  
  93  6:58  Command Center, Refinery  
  93  7:01  Marauder, Barracks  
  97  7:02  Combat Shield  
  97  7:05  Concussive Shells  
  97  7:09  Marauder  
  97  7:10  SCV x2  
  93  7:22  SCV x2  
  92  7:33  Marine x2  
  92  7:34  SCV x2, Barracks  
  96  7:39  Marauder  
  98  7:49  SCV x2  
  98  7:54  Marauder  
  98  7:55  Marine x2  
  102  8:00  Barracks Tech Lab  
  102  8:01  Marauder  
  102  8:03  SCV x2  
  106  8:06  Terran Infantry Armor Level 1  
  106  8:12  Orbital Command  
  106  8:15  SCV x2  
  112  8:27  Barracks Tech Lab  
  112  8:28  Barracks Reactor  
  112  8:29  Marine  
  112  8:30  Marauder x2, Marine  
  112  8:31  Marauder  
  115  8:35  Widow Mine  
  115  8:36  Orbital Command  
  115  8:37  Widow Mine  
  119  8:45  Supply Depot  
  119  8:48  Supply Depot  
  119  8:49  SCV x2  
  121  9:01  Marauder x2  
  125  9:07  Marauder, Marine x2, Armory  
  129  9:17  SCV x3  
  129  9:19  Missile Turret  
  129  9:23  Marine x2  
  136  9:24  Marauder x2  
  136  9:28  Marine x2  
  140  9:33  SCV  
  140  9:37  SCV x2  
  143  9:40  Engineering Bay  
  143  9:44  Medivac x2  
  147  9:47  Marine x2  
  147  9:48  Marine  
  149  9:57  Supply Depot  
  149  10:00  SCV  
  149  10:06  SCV  
  149  10:11  Supply Depot x2  
  149  10:17  Supply Depot  
  149  10:19  SCV, Supply Depot, Marine, Marauder x3  
  157  10:23  Terran Infantry Weapons Level 2  
  157  10:29  Terran Infantry Armor Level 2  
  157  10:33  Widow Mine  
  159  10:41  Marauder x3  
  165  10:43  Ghost Academy  
  165  10:52  Marine x2  
  167  11:03  Marauder x3  
  167  11:04  Marine x2  
  172  11:09  Marine  
  172  11:10  Marine  
  166  11:12  SCV x2  
  154  11:23  Marine  
  154  11:24  Marauder x3, Marine  
  141  11:27  SCV x3  
  140  11:40  Medivac  
  140  11:41  Medivac  
  140  11:42  Enhanced Shockwaves  
  144  11:48  Marauder  
  144  11:51  Marine  
  144  11:52  Marine  
  146  12:05  SCV x3  
  148  12:09  Medivac, Marauder  
  148  12:10  Marine  
  148  12:11  Medivac  
  148  12:13  Marine x2  
  157  12:16  Marauder  
  157  12:27  Ghost  
  157  12:29  Ghost  
  156  12:35  Widow Mine x2  
  162  12:37  Ghost  
  162  12:41  Marine x3  
  161  12:56  Marine, Ghost  
  161  12:57  Widow Mine  
  158  12:58  Marine  
  158  12:59  Marauder, SCV x3  
  158  13:03  Marine  
  158  13:04  Marine  
  163  13:06  Marauder  
  165  13:14  Marine  
  166  13:20  Marauder  
  166  13:24  Medivac x2, Ghost  
  166  13:26  Widow Mine x2  
  178  13:27  Ghost  
  178  13:34  Marine x4  
  180  13:40  Command Center  
  180  13:41  Ghost  
  185  13:53  Ghost  
  185  13:55  Marine x2  
  181  13:56  Marauder  
  181  13:58  SCV  
  181  13:59  SCV x2  
  183  14:03  Marine x2  
  184  14:10  Marauder  
  184  14:11  Viking  
  184  14:15  Refinery  
  184  14:16  Refinery  
  188  14:17  Marauder  
  188  14:22  Marauder  
  192  14:29  Marine x3  
  192  14:30  Marine  
  194  14:31  Marauder  
  194  14:35  Barracks  
  194  14:36  Barracks  
  196  14:38  Barracks  
  196  14:41  Starport  
  196  14:43  Viking  
  197  14:46  Marauder  
  197  14:47  SCV  
  197  14:49  SCV  
  197  14:50  SCV  
  197  14:51  Viking  
  199  14:59  SCV  
  199  15:17  Medivac  
  169  15:37  Marauder x3, Marine x2  
  169  15:43  Barracks Tech Lab  
  169  15:44  Barracks Reactor, Barracks Tech Lab  
  169  15:46  SCV x2  
  169  15:47  SCV, Planetary Fortress  
  170  15:52  Viking x3  
  170  15:53  Viking  
  178  16:00  Marauder x3, Marine x2  
  178  16:01  Missile Turret  
  182  16:17  Marauder x2  
  173  16:21  Marauder  
  173  16:25  Marauder  
  177  16:31  Viking x2  
  177  16:38  Marine x3  
  177  16:39  Marine  
  173  16:42  Ghost  
  173  16:43  Ghost x2  
  173  16:44  Marauder  
  173  16:45  Marine  
  180  16:58  Ghost  
  180  16:59  Marine  
  180  17:00  Marine  
  182  17:05  Ghost  
  180  17:11  Viking x2  
  180  17:12  Marauder  
  184  17:15  Viking  
  184  17:18  Viking  
  179  17:22  Marauder  
  179  17:23  Marauder  
  179  17:27  Marine x2  
  179  17:28  Marine x2  
  182  17:34  Terran Ship Weapons Level 1  
  175  17:50  Marauder x3  
  170  17:55  Marine  
  170  17:56  Marine  
  170  17:57  Marine x2  
  174  18:05  Marauder x2  
  176  18:06  Marine x2  
  176  18:09  Orbital Command  
  176  18:11  Marine x2  
  177  18:32  Marauder x3  
  177  18:33  Marine x2  
  177  18:34  Marine  
  184  18:52  Marauder x2  
  184  18:54  Marauder  
  176  19:11  Marauder x2, Marine x2  
  176  19:12  SCV  
  176  19:13  SCV  
  176  19:15  SCV  
  179  19:19  Viking  
  179  19:24  SCV  
  179  19:25  SCV  
  179  19:31  Marauder x2, Marine  
  185  19:36  Marine x2  
  188  19:52  Marauder x2  
  190  19:56  Marine x2  
  183  20:00  Medivac x2  
  185  20:07  SCV x2  
  185  20:08  SCV  
  186  20:19  SCV x2  
  186  20:20  SCV  
  178  20:24  Marauder  
  178  20:25  Marauder  
  178  20:28  Marine x2  
  148  20:44  Marauder x2  
  148  20:45  Marine x2  
  148  20:46  Marine x2  
  148  20:52  Marauder  
  150  21:09  Marauder x2  
  149  21:16  SCV x2  
  140  21:31  Marauder x3  
  146  21:39  Marauder  
  147  21:45  Marine x2  
  149  22:00  Medivac  
  151  22:02  Marauder  
  151  22:03  Marauder  
  151  22:06  SCV x3  
  156  22:14  Marauder  
  156  22:18  SCV x3  
  159  22:24  Sensor Tower  
  159  22:35  Marauder x3  
  159  22:36  Marauder  
  167  22:53  Marauder  
  167  22:55  Marine x5  
  167  22:57  Marauder x2  
  173  23:09  Marine  
  173  23:10  Marine x2  
  164  23:23  Marauder x2  
  164  23:26  Marauder  
  162  23:28  Marine x2  
  162  23:29  Marauder  
  162  23:31  Marine x2  
Show
View Real Time Build Order
Export as new Build Order

sOs Protoss 

Build Orders: 1 Gate Expand, Dark Templar Rush 

Get SALT Encoding   

  12  0:00  Probe  
  13  0:12  Probe  
  14  0:18  Pylon  
  14  0:24  Probe (Chrono Boost)  
  15  0:37  Gateway  
  15  0:38  Probe (Chrono Boost)  
  16  0:43  Probe (Chrono Boost)  
  16  0:48  Assimilator  
  17  0:52  Probe  
  18  1:04  Probe  
  19  1:17  Probe  
  20  1:24  Cybernetics Core  
  20  1:34  Nexus  
  20  1:40  Pylon  
  20  1:44  Probe  
  21  1:50  Assimilator  
  21  1:57  Adept (Chrono Boost), Probe  
  24  2:06  Shield Battery  
  24  2:09  Probe  
  24  2:12  Warp Gate  
  25  2:21  Stalker  
  27  2:25  Probe  
  28  2:35  Twilight Council  
  28  2:39  Probe  
  29  2:44  Pylon  
  29  2:48  Probe  
  30  2:51  Probe  
  31  3:00  Probe (Chrono Boost)  
  33  3:09  Probe (Chrono Boost)  
  33  3:11  Probe (Chrono Boost)  
  33  3:12  Dark Shrine  
  34  3:16  Probe x2 (Chrono Boost)  
  36  3:22  Gateway  
  37  3:27  Probe  
  37  3:29  Probe  
  38  3:34  Gateway  
  38  3:39  Probe (Chrono Boost)  
  40  3:41  Probe (Chrono Boost)  
  40  3:51  Probe (Chrono Boost)  
  40  3:54  Probe (Chrono Boost)  
  42  3:59  Assimilator  
  42  4:00  Probe (Chrono Boost)  
  42  4:01  Probe (Chrono Boost)  
  44  4:05  Nexus  
  44  4:07  Probe  
  44  4:08  Probe  
  46  4:15  Pylon  
  46  4:21  Probe  
  46  4:22  Probe  
  46  4:24  Dark Templar  
  50  4:25  Dark Templar  
  50  4:30  Dark Templar  
  54  4:34  Probe  
  52  4:46  Probe x2 (Chrono Boost)  
  52  4:58  Probe x2 (Chrono Boost)  
  52  5:01  Stalker x2  
  52  5:04  Blink (Chrono Boost)  
  52  5:06  Probe x2 (Chrono Boost)  
  56  5:14  Shadow Stride  
  56  5:16  Probe x2 (Chrono Boost)  
  56  5:17  Probe (Chrono Boost)  
  56  5:21  Stalker  
  61  5:24  Stalker x2  
  61  5:27  Probe x3 (Chrono Boost)  
  68  5:29  Pylon  
  68  5:32  Probe x3 (Chrono Boost)  
  71  5:40  Gateway  
  71  5:45  Forge, Probe  
  70  5:58  Shield Battery, Probe  
  70  6:02  Stalker x2, Sentry  
  75  6:08  Shield Battery  
  75  6:11  Protoss Ground Weapons Level 1 (Chrono Boost)  
  75  6:12  Probe x3  
  75  6:13  Gateway  
  75  6:14  Gateway  
  78  6:21  Robotics Facility  
  78  6:22  Pylon  
  78  6:27  Probe  
  78  6:30  Pylon  
  79  6:36  Zealot x3  
  85  6:42  Pylon, Dark Templar  
  87  6:52  Charge (Chrono Boost), Photon Cannon  
  87  6:57  Shield Battery  
  87  7:03  Stalker  
  87  7:04  Stalker x2  
  87  7:05  Gateway  
  93  7:09  Immortal (Chrono Boost)  
  93  7:14  Zealot x3  
  99  7:27  Pylon  
  99  7:28  Zealot  
  99  7:29  Zealot x2  
  105  7:30  Pylon  
  105  7:34  Pylon  
  105  7:37  Photon Cannon  
  105  7:42  Immortal  
  107  7:45  Dark Templar  
  107  7:51  Zealot x5  
  119  7:58  Assimilator  
  119  8:00  Sentry  
  119  8:03  Gateway  
  119  8:04  Assimilator  
  119  8:05  Probe x2  
  123  8:15  Protoss Ground Armor Level 1 (Chrono Boost)  
  123  8:16  Dark Templar  
  123  8:18  Zealot x5  
  133  8:22  Pylon  
  133  8:24  Pylon  
  133  8:29  Pylon  
  133  8:30  Photon Cannon  
  133  8:36  Pylon  
  133  8:39  Warp Prism  
  135  8:46  Zealot x3  
  135  8:47  Zealot x2  
  145  8:52  Robotics Bay  
  145  8:55  Assimilator  
  143  9:07  Zealot x6  
  143  9:08  Robotics Facility  
  155  9:11  Zealot  
  155  9:12  Zealot  
  155  9:15  Observer  
  160  9:18  Pylon  
  160  9:30  Colossus (Chrono Boost)  
  160  9:42  Extended Thermal Lance  
  166  9:49  Shield Battery, Photon Cannon  
  166  9:51  Dark Templar  
  166  9:52  Zealot x2  
  172  9:55  Pylon  
  168  10:07  Colossus (Chrono Boost)  
  168  10:13  Pylon  
  172  10:16  Nexus  
  172  10:18  Colossus (Chrono Boost)  
  178  10:27  Shield Battery  
  178  10:29  Pylon, Stalker  
  180  10:47  Zealot x5  
  189  10:52  Colossus (Chrono Boost)  
  189  10:56  Zealot x2  
  189  10:58  Protoss Ground Weapons Level 2 (Chrono Boost)  
  185  11:05  Colossus  
  189  11:12  Pylon  
  189  11:14  Pylon  
  189  11:15  Zealot x3  
  189  11:16  Zealot  
  177  11:25  Nexus  
  145  11:34  Dark Templar x2  
  145  11:38  Pylon  
  145  11:45  Stalker x4  
  149  11:56  Observer (Chrono Boost)  
  151  12:16  Observer (Chrono Boost)  
  151  12:20  Stalker x7  
  165  12:24  Photon Cannon  
  165  12:26  Photon Cannon  
  165  12:28  Shield Battery  
  163  12:30  Shield Battery  
  163  12:44  Zealot x7  
  165  13:03  Observer  
  165  13:04  Stalker x5  
  165  13:05  Stalker x2  
  171  13:07  Probe  
  170  13:18  Protoss Ground Armor Level 2 (Chrono Boost)  
  170  13:27  Dark Templar  
  170  13:29  Sentry  
  170  13:30  Zealot x5  
  184  13:35  Immortal (Chrono Boost)  
  184  13:36  Immortal (Chrono Boost)  
  183  14:01  Zealot x3  
  187  14:10  Dark Templar  
  187  14:11  Immortal (Chrono Boost)  
  187  14:13  Immortal (Chrono Boost)  
  195  14:24  Gateway  
  195  14:25  Gateway  
  195  14:39  Pylon  
  195  14:43  Observer  
  195  14:44  Pylon  
  188  15:01  Disruptor x2 (Chrono Boost)  
  188  15:04  Observer  
  192  15:12  Nexus  
  191  15:22  Zealot x4  
  193  15:30  Nexus  
  167  15:38  Zealot x3  
  167  15:39  Zealot x2  
  165  15:44  Disruptor x2 (Chrono Boost)  
  170  16:00  Photon Cannon  
  170  16:01  Stalker x6  
  170  16:02  Shield Battery  
  182  16:07  Dark Templar  
  164  16:24  Zealot x2  
  164  16:25  Zealot x6  
  176  16:33  Observer  
  176  16:37  Disruptor x2 (Chrono Boost)  
  175  16:40  Observer  
  175  16:58  Dark Templar x3  
  175  16:59  Dark Templar x5  
  191  17:07  Assimilator  
  185  17:13  Zealot  
  171  17:30  Zealot x2  
  171  17:31  Zealot x4  
  179  17:40  Dark Templar x2  
  179  17:41  Archon x2  
  179  17:44  Disruptor (Chrono Boost)  
  179  17:50  Assimilator  
  170  18:11  Disruptor (Chrono Boost)  
  170  18:13  Observer  
  170  18:19  Zealot  
  174  18:20  Zealot x8  
  180  18:36  Disruptor  
  180  18:39  Disruptor  
  186  18:48  Zealot x7  
  198  18:54  Zealot x2  
  169  19:12  Observer, Disruptor (Chrono Boost)  
  154  19:21  Zealot x5  
  154  19:22  Zealot x4  
  167  19:32  Disruptor (Chrono Boost)  
  170  19:41  Nexus  
  162  19:54  Disruptor  
  163  20:01  Disruptor (Chrono Boost)  
  160  20:14  Zealot x5  
  137  20:26  Disruptor (Chrono Boost)  
  117  20:34  Disruptor (Chrono Boost)  
  99  20:49  Zealot  
  89  20:50  Zealot x6  
  101  20:57  Disruptor (Chrono Boost)  
  101  20:59  Disruptor (Chrono Boost)  
  104  21:10  Stalker x3  
  105  21:16  Zealot x4  
  100  21:35  Observer  
  100  21:41  Stalker x4  
  100  21:46  Nexus  
  106  21:50  Zealot x2  
  106  21:53  Observer  
  110  22:00  Stalker  
  112  22:14  Stalker x2  
  106  22:23  Zealot x2  
  109  22:32  Zealot x2  
  109  22:37  Zealot, Observer  
  113  22:40  Observer  
  114  23:02  Zealot x4  
  106  23:21  Zealot x2  
  89  23:36  Zealot x4  

Tags
 
Add a new tag
Caveats
  • Supply blocks, unpowered buildings, or Contaminate may cause inaccurate times.
  • Supply counts are checked every 10 seconds.